TOP OF THE 1ST |
Detroit Tigers batting - Pitching for California Angels : RHP Raimundo Michel
|
Pitching: RHP Raimundo Michel
|
|
Batting: SHB Lee Mazzilli
|
0-0: Ball 1-0: Called Strike 1-1: Called Strike 1-2: Ball 2-2: Strikes out looking
|
Batting: RHB Jose Hidalgo
|
0-0: Ball 1-0: Ball 2-0: Foul Ball, location: 2F 2-1: Called Strike 2-2: Foul Ball, location: 2F 2-2: Strikes out swinging
|
Batting: SHB Tony Phillips
|
0-0: Swinging Strike 0-1: Called Strike 0-2: Ball 1-2: Fly out, F7 (Flyball, 7D, EV 90.6 MPH)
|
Top of the 1st over - 0 runs, 0 hits, 0 errors, 0 left on base; Detroit 0 - California 0 |
BOTTOM OF THE 1ST |
California Angels batting - Pitching for Detroit Tigers : LHP Charlie Leibrandt
|
Pitching: LHP Charlie Leibrandt
|
|
Batting: RHB Carlos Pimentel
|
0-0: SINGLE (Groundball, 6D, EV 96.3 MPH)
|
Batting: RHB Frank White
|
0-0: Called Strike 0-1: Ball 1-1: Ball 2-1: DOUBLE (Line Drive, 89XD, EV 105.0 MPH) Carlos Pimentel to third
|
Batting: LHB Brian Rosinski
|
0-0: Fly out, F9 (Flyball, 9, EV 93.8 MPH) Runner from 3rd tags up, SCORES, no throw by RF
|
Batting: LHB Jason D Thompson
|
0-0: Ball 1-0: Called Strike 1-1: Ball 2-1: DOUBLE (Flyball, 78D, EV 106.3 MPH) Frank White scores
|
Batting: RHB Jeff Atherton
|
0-0: Swinging Strike 0-1: Ball 1-1: Swinging Strike 1-2: Ground out 5-3 (Groundball, 56S, EV 72.5 MPH) Jason D Thompson to third
|
Batting: LHB John Milner
|
0-0: Called Strike 0-1: Ball 1-1: Ground out U3 (Groundball, 3S, EV 71.3 MPH)
|
Bottom of the 1st over - 2 runs, 3 hits, 0 errors, 1 left on base; Detroit 0 - California 2 |
TOP OF THE 2ND |
Detroit Tigers batting - Pitching for California Angels : RHP Raimundo Michel
|
Batting: LHB Greg Brock
|
0-0: Called Strike 0-1: Ball 1-1: Ball 2-1: Ball 3-1: Called Strike 3-2: Foul Ball, location: 2F 3-2: Base on Balls
|
Batting: RHB Tack Wilson
|
0-0: Ball 1-0: Ball 2-0: Called Strike 2-1: Ball 3-1: Base on Balls Greg Brock to second
|
Batting: RHB Keith Moreland
|
0-0: Fly out, F3 (Popup, 3L, EV 60.0 MPH)
|
Batting: LHB Larry Harlow
|
0-0: Ball 1-0: Swinging Strike 1-1: Fielders Choice at 2nd, 6-4 (Groundball, 6, EV 89.4 MPH) Greg Brock to third
|
Batting: RHB Rusty Tillman
|
0-0: Ball 1-0: Fly out, F8 (Flyball, 8RM, EV 84.4 MPH)
|
Top of the 2nd over - 0 runs, 0 hits, 0 errors, 2 left on base; Detroit 0 - California 2 |
BOTTOM OF THE 2ND |
California Angels batting - Pitching for Detroit Tigers : LHP Charlie Leibrandt
|
Batting: RHB Mike Bishop
|
0-0: Ball 1-0: Called Strike 1-1: Foul Ball, location: 2F 1-2: Foul Ball, location: 2F 1-2: Ball 2-2: Fly out, F9 (Flyball, 9S, EV 86.9 MPH)
|
Batting: SHB Manny Castillo
|
0-0: Called Strike 0-1: Foul Ball, location: 2F 0-2: Foul Ball, location: 2F 0-2: Ball 1-2: Ground out 4-3 (Groundball, 4, EV 86.3 MPH)
|
Batting: SHB Ignacio Medina
|
0-0: Called Strike 0-1: Called Strike 0-2: Strikes out looking
|
Bottom of the 2nd over - 0 runs, 0 hits, 0 errors, 0 left on base; Detroit 0 - California 2 |
TOP OF THE 3RD |
Detroit Tigers batting - Pitching for California Angels : RHP Raimundo Michel
|
Batting: RHB Mike Sproles
|
0-0: Called Strike 0-1: Called Strike 0-2: Strikes out swinging
|
Batting: SHB Lee Mazzilli
|
0-0: Fly out, F5 (Line Drive, 5, EV 71.3 MPH)
|
Batting: RHB Jose Hidalgo
|
0-0: SINGLE (Line Drive, 4D, EV 95.6 MPH)
|
Batting: SHB Tony Phillips
|
0-0: Ball 1-0: Ball 2-0: Foul Ball, location: 2F 2-1: Ground out 4-3 (Groundball, 34, EV 104.4 MPH)
|
Top of the 3rd over - 0 runs, 1 hit, 0 errors, 1 left on base; Detroit 0 - California 2 |
BOTTOM OF THE 3RD |
California Angels batting - Pitching for Detroit Tigers : LHP Charlie Leibrandt
|
Batting: RHB Carlos Pimentel
|
0-0: Called Strike 0-1: Swinging Strike 0-2: Ball 1-2: Foul Ball, location: 2F 1-2: Ground out 6-3 (Groundball, 6, EV 102.5 MPH)
|
Batting: RHB Frank White
|
0-0: Ball 1-0: Called Strike 1-1: Foul Ball, location: 2F 1-2: Strikes out swinging
|
Batting: LHB Brian Rosinski
|
0-0: Ball 1-0: Called Strike 1-1: Foul Ball, location: 2F 1-2: Fly out, F8 (Line Drive, 8LD, EV 91.9 MPH)
|
Bottom of the 3rd over - 0 runs, 0 hits, 0 errors, 0 left on base; Detroit 0 - California 2 |
TOP OF THE 4TH |
Detroit Tigers batting - Pitching for California Angels : RHP Raimundo Michel
|
Batting: LHB Greg Brock
|
0-0: Ball 1-0: Ground out 4-3 (Groundball, 4, EV 100.0 MPH)
|
Batting: RHB Tack Wilson
|
0-0: Swinging Strike 0-1: Foul Ball, location: 2F 0-2: Strikes out swinging
|
Batting: RHB Keith Moreland
|
0-0: Ground out 6-3 (Groundball, 6M, EV 106.3 MPH)
|
Top of the 4th over - 0 runs, 0 hits, 0 errors, 0 left on base; Detroit 0 - California 2 |
BOTTOM OF THE 4TH |
California Angels batting - Pitching for Detroit Tigers : LHP Charlie Leibrandt
|
Batting: LHB Jason D Thompson
|
0-0: Foul Ball, location: 2F 0-1: Foul Ball, location: 2F 0-2: Foul Ball, location: 2F 0-2: SINGLE (Line Drive, 8RS, EV 95.0 MPH)
|
Batting: RHB Jeff Atherton
|
0-0: Called Strike 0-1: Fly out, F9 (Line Drive, 9D, EV 91.3 MPH)
|
Batting: LHB John Milner
|
0-0: Foul Ball, location: 2F 0-1: Called Strike 0-2: Foul Ball, location: 2F 0-2: Ball 1-2: Foul Ball, location: 2F 1-2: Foul Ball, location: 2F 1-2: Ball 2-2: Foul Ball, location: 2F 2-2: DOUBLE (Line Drive, 7LM, EV 109.4 MPH) Jason D Thompson to third Runner from 3rd tries for Home, SAFE, no throw by LF
|
Batting: RHB Mike Bishop
|
0-0: Intentional Walk
|
Batting: SHB Manny Castillo
|
0-0: Swinging Strike 0-1: Swinging Strike 0-2: Grounds into double play, 5-4-3 (Groundball, 56S, EV 83.8 MPH)
|
Bottom of the 4th over - 1 run, 2 hits, 0 errors, 1 left on base; Detroit 0 - California 3 |
TOP OF THE 5TH |
Detroit Tigers batting - Pitching for California Angels : RHP Raimundo Michel
|
Batting: LHB Larry Harlow
|
0-0: Ball 1-0: Foul Ball, location: 2F 1-1: Swinging Strike 1-2: Strikes out swinging, 2-3 out at first.
|
Batting: RHB Rusty Tillman
|
0-0: Foul Ball, location: 2F 0-1: Ball 1-1: Swinging Strike 1-2: Ball 2-2: Ball 3-2: Foul Ball, location: 2F 3-2: Foul Ball, location: 2F 3-2: Base on Balls
|
Batting: RHB Mike Sproles
|
0-0: Grounds into double play, 6-4-3 (Groundball, 6S, EV 81.3 MPH)
|
Top of the 5th over - 0 runs, 0 hits, 0 errors, 0 left on base; Detroit 0 - California 3 |
BOTTOM OF THE 5TH |
California Angels batting - Pitching for Detroit Tigers : LHP Charlie Leibrandt
|
Batting: SHB Ignacio Medina
|
0-0: Ball 1-0: Fly out, F8 (Flyball, 8RM, EV 88.8 MPH)
|
Batting: RHB Carlos Pimentel
|
0-0: Ball 1-0: Ball 2-0: Ball 3-0: Base on Balls
|
Batting: RHB Frank White
|
0-0: Ball 1-0: Ball Carlos Pimentel steals 2nd base 2-0: Ground out U3 (Groundball, 34, EV 97.5 MPH) Carlos Pimentel to third
|
Batting: LHB Brian Rosinski
|
0-0: Intentional Walk
|
Batting: LHB Jason D Thompson
|
0-0: SINGLE (Line Drive, 9S, EV 95.0 MPH) Carlos Pimentel scores Brian Rosinski to second Runner from 2nd tries for 3rd, SAFE, throw by RF made to third
|
Batting: RHB Jeff Atherton
|
0-0: Called Strike 0-1: Ball 1-1: Ball 2-1: Ball 3-1: Fly out, F7 (Flyball, 7LM, EV 85.0 MPH)
|
Bottom of the 5th over - 1 run, 1 hit, 0 errors, 2 left on base; Detroit 0 - California 4 |
TOP OF THE 6TH |
Detroit Tigers batting - Pitching for California Angels : RHP Raimundo Michel
|
Batting: SHB Lee Mazzilli
|
0-0: SINGLE (Groundball, 4MD, EV 101.3 MPH)
|
Batting: RHB Jose Hidalgo
|
0-0: Ball Lee Mazzilli steals 2nd base 1-0: Ball 2-0: Called Strike 2-1: Swinging Strike 2-2: Fly out, F8 (Flyball, 78S, EV 85.0 MPH)
|
Batting: SHB Tony Phillips
|
0-0: Ball 1-0: Foul Ball, location: 2F 1-1: Ball 2-1: Ball 3-1: Foul Ball, location: 2F 3-2: Strikes out swinging
|
Batting: LHB Greg Brock
|
0-0: Ball 1-0: Called Strike 1-1: Foul Ball, location: 2F 1-2: SINGLE (Groundball, 6D, EV 108.8 MPH) Lee Mazzilli to third Runner from 3rd tries for Home, SAFE, throw by CF to home
|
Batting: RHB Tack Wilson
|
0-0: Called Strike 0-1: Foul Ball, location: 2F 0-2: Fly out, F5 (Flyball, 5D, EV 90.0 MPH)
|
Top of the 6th over - 1 run, 2 hits, 0 errors, 1 left on base; Detroit 1 - California 4 |
BOTTOM OF THE 6TH |
California Angels batting - Pitching for Detroit Tigers : LHP Charlie Leibrandt
|
Batting: LHB John Milner
|
0-0: Called Strike 0-1: Foul Ball, location: 2F 0-2: Ball 1-2: Ground out 6-3 (Groundball, 6M, EV 85.0 MPH)
|
Batting: RHB Mike Bishop
|
0-0: Called Strike 0-1: Foul Ball, location: 2F 0-2: Strikes out looking
|
Batting: SHB Manny Castillo
|
0-0: Called Strike 0-1: SINGLE (Groundball, 6MD, EV 103.1 MPH)
|
Batting: SHB Ignacio Medina
|
0-0: Ball 1-0: Ball 2-0: Fly out, F9 (Flyball, 89S, EV 83.8 MPH)
|
Bottom of the 6th over - 0 runs, 1 hit, 0 errors, 1 left on base; Detroit 1 - California 4 |
TOP OF THE 7TH |
Detroit Tigers batting - Pitching for California Angels : RHP Raimundo Michel
|
Batting: RHB Keith Moreland
|
0-0: Foul Ball, location: 2F 0-1: Ball 1-1: Ball 2-1: Ball 3-1: SINGLE (Line Drive, 34D, EV 103.8 MPH)
|
Batting: LHB Larry Harlow
|
0-0: Called Strike 0-1: Ball 1-1: Ball 2-1: Swinging Strike 2-2: Strikes out swinging
|
Batting: RHB Rusty Tillman
|
0-0: Ball 1-0: Fly out, F8 (Flyball, 8LD, EV 93.1 MPH)
|
Batting: RHB Mike Sproles
|
0-0: Called Strike 0-1: Called Strike 0-2: Fly out, F3 (Popup, 3S, EV 72.5 MPH)
|
Top of the 7th over - 0 runs, 1 hit, 0 errors, 1 left on base; Detroit 1 - California 4 |
BOTTOM OF THE 7TH |
California Angels batting - Pitching for Detroit Tigers : LHP Charlie Leibrandt
|
Batting: RHB Carlos Pimentel
|
0-0: Called Strike 0-1: Ball 1-1: Ground out 6-3 (Groundball, 6, EV 87.5 MPH)
|
Batting: RHB Frank White
|
0-0: Ground out U3 (Groundball, 3, EV 103.1 MPH)
|
Batting: LHB Brian Rosinski
|
0-0: Ball 1-0: Ball 2-0: Foul Ball, location: 2F 2-1: Fly out, F9 (Line Drive, 9D, EV 92.5 MPH)
|
Bottom of the 7th over - 0 runs, 0 hits, 0 errors, 0 left on base; Detroit 1 - California 4 |
TOP OF THE 8TH |
Detroit Tigers batting - Pitching for California Angels : RHP Raimundo Michel
|
Batting: SHB Lee Mazzilli
|
0-0: Called Strike 0-1: Ball 1-1: Ball 2-1: Ground out 4-3 (Groundball, 4S, EV 66.9 MPH)
|
Batting: RHB Jose Hidalgo
|
0-0: Fly out, F9 (Flyball, 9S, EV 90.0 MPH)
|
Batting: SHB Tony Phillips
|
0-0: Ground out 3-1 (Groundball, 34S, EV 78.8 MPH)
|
Top of the 8th over - 0 runs, 0 hits, 0 errors, 0 left on base; Detroit 1 - California 4 |
BOTTOM OF THE 8TH |
California Angels batting - Pitching for Detroit Tigers : LHP Charlie Leibrandt
|
Batting: LHB Jason D Thompson
|
0-0: Called Strike 0-1: Ball 1-1: Ball 2-1: Ground out 5-3 (Groundball, 5, EV 104.4 MPH)
|
Batting: RHB Jeff Atherton
|
0-0: Ball 1-0: SINGLE (Line Drive, 56, EV 97.5 MPH)
|
Batting: LHB John Milner
|
0-0: Ball 1-0: Called Strike 1-1: Ball 2-1: Swinging Strike 2-2: Fielders Choice at 2nd, 3-6 (Groundball, 34, EV 101.3 MPH)
|
Batting: RHB Mike Bishop
|
0-0: Ball 1-0: Foul Ball, location: 2F 1-1: Ball 2-1: Ball 3-1: Base on Balls John Milner to second
|
Batting: SHB Manny Castillo
|
0-0: Ground out 3-1 (Groundball, 34, EV 103.8 MPH)
|
Bottom of the 8th over - 0 runs, 1 hit, 0 errors, 2 left on base; Detroit 1 - California 4 |
TOP OF THE 9TH |
Detroit Tigers batting - Pitching for California Angels : RHP Raimundo Michel
|
Pitching: RHP Jerry Reed
|
|
Batting: LHB Greg Brock
|
0-0: Ball 1-0: Ball 2-0: Called Strike 2-1: Foul Ball, location: 2F 2-2: Ball 3-2: Ground out 4-3 (Groundball, 4M, EV 97.5 MPH)
|
Batting: RHB Tack Wilson
|
0-0: Ball 1-0: Ball 2-0: Called Strike 2-1: Foul Ball, location: 2F 2-2: Ball 3-2: Base on Balls
|
Batting: RHB Keith Moreland
|
0-0: Ball 1-0: Foul Ball, location: 2F 1-1: Swinging Strike 1-2: Ball 2-2: Foul Ball, location: 2F 2-2: Foul Ball, location: 2F 2-2: Fly out, F8 (Flyball, 8RS, EV 83.1 MPH)
|
Batting: LHB Larry Harlow
|
0-0: Swinging Strike 0-1: Foul Ball, location: 2F 0-2: Strikes out swinging
|
Top of the 9th over - 0 runs, 0 hits, 0 errors, 1 left on base; Detroit 1 - California 4 |
|